[Event "Titled Tuesday Blitz November 14 Early 2023"]
[White "Makhnev, Denis"]
[Black "Morgunov, Marc"]
[WhiteFideId "13707647"]
[BlackFideId "1640305"]
[WhiteElo "2648"]
[BlackElo "2503"]
[Result "1-0"]
[Round "8"]
[TimeControl "180+1"]
[Date "2023.11.14"]
[WhiteClock "0:00:05"]
[BlackClock "0:00:02"]
[Board "75"]

1. Nf3 Nf6 2. c4 g6 3. b4 Bg7 4. Bb2 O-O 5. g3 d5 6. cxd5 Nxd5 7. Bxg7 Kxg7 8. Qb3 c6 9. Bg2 a5 10. b5 a4 11. Qb2+ Kg8 12. O-O Qb6 13. Na3 Ra5 14. Rab1 cxb5 15. e4 Nc7 16. Nc4 Qa6 17. Nxa5 Qxa5 18. Rfc1 Bd7 19. d4 Nba6 20. Ne5 Be8 21. a3 f6 22. Nd3 Bf7 23. d5 Rd8 24. Nb4 e6 25. Qxf6 Ne8 26. Qe7 exd5 27. e5 Qb6 28. Nxd5 Bxd5 29. Bxd5+ Rxd5 30. Qxe8+ Kg7 31. Qe7+ Kh6 32. Qf7 Qd4 33. e6 Rf5 34. Qxb7 Rxf2 35. Kh1 Qd2 36. Rf1 Nc5 37. Rxf2 Qxf2 38. Qd5 Nb3 39. Qe4 Kg7 40. e7 Nd2 41. Qg2 Qe3 42. e8=Q Qxe8 43. Qxd2 Qe4+ 44. Kg1 Qxb1+ 45. Kf2 Qb3 46. Qd7+ Kf6 47. Qd6+ Kf5 48. Qf4+ Ke6 49. Qe4+ Kd6 50. Qd4+ Kc6 51. Qf6+ Kc5 52. Qe7+ Kc4 53. Qf7+ Kc3 54. Qxh7 Qxa3 55. Qxg6 Qb2+ 56. Kf3 a3 57. Qf6+ Kc2 58. Qf5+ Kc1 59. Qf4+ Kb1 60. Qe4+ Qc2 61. Qb4+ Qb2 62. Qe1+ Kc2 63. Qe4+ Kc3 64. Qe5+ Kb4 65. Qd6+ Ka4 66. Qa6+ Kb4 67. Qd6+ Kc3 68. Qe5+ Kc4 69. Qe6+ Kd3 70. Qe4+ Kd2 71. Qe2+ Kc1 72. Qe1+ Kc2 73. Qe2+ Kb1 74. Qd1+ Ka2 75. Kg4 b4 76. h4 b3 77. h5 Qc2 78. Qd5 Kb2 79. h6 a2 80. h7 Qc3 81. Qg2+ Ka3 82. Qa8+ Kb2 83. Qg2+ Kc1 84. Qh1+ Kd2 85. h8=Q Qxh8 86. Qxh8 Kc2 87. Qa1 b2 88. Qxa2 Kc1 89. Qa3 1-0


[Site "https://www.chess.com"]

[Event "Titled Tuesday Blitz November 14 Early 2023"]
[White "Omariev, Maksim"]
[Black "Pastar, Slaven"]
[WhiteFideId "4193423"]
[BlackFideId "14402718"]
[WhiteElo "2494"]
[BlackElo "2638"]
[Result "1-0"]
[Round "8"]
[TimeControl "180+1"]
[Date "2023.11.14"]
[WhiteClock "0:00:20"]
[BlackClock "0:00:22"]
[Board "76"]

1. e4 b6 2. d4 Bb7 3. Nc3 e6 4. Be3 Ne7 5. Qd2 d5 6. f3 Nd7 7. Nh3 a6 8. Nf4 Nf6 9. e5 Nd7 10. Nd1 c5 11. c3 cxd4 12. cxd4 Nf5 13. Bf2 b5 14. g4 Nh4 15. Be2 Ng6 16. Nh5 Rc8 17. O-O Qc7 18. Bd3 Nb6 19. f4 Nc4 20. Qe2 Ne7 21. f5 Nc6 22. Rc1 Qd8 23. b3 Na3 24. h4 Nxd4 25. Bxd4 Rxc1 26. fxe6 fxe6 27. Qf3 Qe7 28. Be3 Rc7 29. Bg5 Qc5+ 30. Kh1 Kd7 31. Qf7+ Kc6 32. Qxe6+ Bd6 33. exd6 Qxd6 34. Qxd6+ Kxd6 35. Ne3 Rd7 36. Nf5+ Kc6 37. Nhxg7 Rf8 38. Ne6 Re8 39. Nfd4+ Kb6 40. Bf5 Rd6 41. Be3 Rc6 42. Nxc6+ Kxc6 43. Bd4 Kd6 44. Re1 b4 45. Bc5+ Kc6 46. Nd4+ Kxc5 47. Rxe8 Kxd4 48. Re7 Bc6 49. Bxh7 Kc3 50. h5 d4+ 51. Kh2 d3 52. Bxd3 Kxd3 53. h6 Be4 54. Rxe4 Kxe4 55. h7 Kd3 56. h8=Q Kc2 57. Qa8 Kb1 58. Qxa6 Kxa2 59. Qd3 Nb1 60. g5 Nc3 61. Qc2+ Ka3 62. g6 Nd5 63. g7 Ne7 64. Qe2 Ng8 65. Qc4 Nh6 66. g8=Q Nxg8 67. Qxg8 Kb2 68. Qc4 Ka3 69. Kg3 Kb2 70. Kf4 Ka3 71. Ke5 Kb2 72. Kd5 Ka3 73. Kc5 Kb2 74. Kxb4 Ka2 75. Qe2+ Ka1 76. Kc3 Kb1 77. Qb2# 1-0


[Site "https://www.chess.com"]

[Event "Titled Tuesday Blitz November 14 Early 2023"]
[White "Kuzhylnyi, Oleksandr"]
[Black "Grochal, Joey"]
[WhiteFideId "34110500"]
[BlackFideId "1019945"]
[WhiteElo "2629"]
[BlackElo "2490"]
[Result "1-0"]
[Round "8"]
[TimeControl "180+1"]
[Date "2023.11.14"]
[WhiteClock "0:00:18"]
[BlackClock "0:00:09"]
[Board "77"]

1. b3 e5 2. Bb2 Nc6 3. e3 Nf6 4. Bb5 Bd6 5. Na3 e4 6. Nc4 Qe7 7. Nxd6+ Qxd6 8. Nh3 a6 9. Be2 b5 10. O-O Bb7 11. f3 Ne5 12. fxe4 Bxe4 13. d3 Bb7 14. e4 Qe7 15. Qe1 d6 16. a4 Bc6 17. Kh1 h5 18. axb5 axb5 19. Rxa8+ Bxa8 20. d4 Neg4 21. Bxb5+ Kf8 22. d5 Qxe4 23. Qxe4 Nxe4 24. c4 Ke7 25. Bxg7 Rc8 26. Re1 f5 27. Kg1 c6 28. dxc6 Bxc6 29. Bxc6 Rxc6 30. Ng5 Nf2 31. Bd4 Nd3 32. Re3 Nc5 33. b4 Ne6 34. Nxe4 fxe4 35. Rxe4 Kd7 36. Be3 Ra6 37. h3 Ra2 38. b5 Rc2 39. g4 hxg4 40. hxg4 Ke7 41. Kf1 Kf7 42. Ke1 Nf8 43. Kd1 Rg2 44. b6 Nd7 45. Kc1 Re2 46. b7 Nb8 47. g5 Nc6 48. Rf4+ Kg6 49. Rf6+ Kg7 50. Rxd6 Rxe3 51. Rxc6 Rb3 1-0


[Site "https://www.chess.com"]

[Event "Titled Tuesday Blitz November 14 Early 2023"]
[White "Gontcharov, Vladislav"]
[Black "Devaev, Alexander"]
[WhiteFideId "4123492"]
[BlackFideId "4169395"]
[WhiteElo "2613"]
[BlackElo "2480"]
[Result "1-0"]
[Round "8"]
[TimeControl "180+1"]
[Date "2023.11.14"]
[WhiteClock "0:00:14"]
[BlackClock "0:00:00"]
[Board "78"]

1. d4 Nf6 2. c4 e6 3. Nc3 Bb4 4. e3 c5 5. Bd3 cxd4 6. exd4 d5 7. Ne2 dxc4 8. Bxc4 Nc6 9. O-O O-O 10. Bg5 Bxc3 11. bxc3 Ne7 12. Bxf6 gxf6 13. Ng3 Bd7 14. Qh5 Rc8 15. Bd3 Ng6 16. Qh6 Kh8 17. c4 Rg8 18. Rad1 Qf8 19. Qxf8 Rgxf8 20. Nh5 f5 21. Rfe1 Rfd8 22. d5 Ba4 23. Rc1 b6 24. g3 Bd7 25. f4 Bc6 26. Bb1 exd5 27. Bxf5 Rb8 28. cxd5 Bxd5 29. a3 b5 30. Nf6 Bc4 31. h4 a5 32. h5 Nf8 33. a4 Bd3 34. Bxd3 Rxd3 35. axb5 Rxg3+ 36. Kf2 Rb3 37. Re5 Rb2+ 38. Kg3 Rb4 39. Rc7 1-0


[Site "https://www.chess.com"]

[Event "Titled Tuesday Blitz November 14 Early 2023"]
[White "borocotoajua"]
[Black "WindWhistler11"]
[WhiteElo "2600"]
[BlackElo "2467"]
[Result "1/2-1/2"]
[Round "8"]
[TimeControl "180+1"]
[Date "2023.11.14"]
[WhiteClock "0:00:07"]
[BlackClock "0:00:18"]
[Board "79"]

1. d4 Nf6 2. Nf3 e6 3. c4 c5 4. d5 exd5 5. cxd5 Bd6 6. Nc3 O-O 7. g3 Re8 8. Bg2 Bf8 9. O-O d6 10. Nd2 Na6 11. Nc4 Nc7 12. a4 b6 13. h3 Ba6 14. b3 g6 15. e4 Bxc4 16. bxc4 Bg7 17. Bf4 Nh5 18. Bd2 Bd4 19. Kh2 Qf6 20. Qb3 Na6 21. Rad1 Nb4 22. Ne2 a5 23. Nxd4 cxd4 24. Bxb4 axb4 25. Qxb4 Ra6 26. Qb2 Rxa4 27. Qxd4 Qxd4 28. Rxd4 Rc8 29. Rb1 Rcxc4 30. Rxc4 Rxc4 31. Rxb6 Nf6 32. e5 Nd7 33. Rc6 Nxe5 34. Rxd6 Rc2 35. Rd8+ Kg7 36. Kg1 Nd3 37. d6 Rd2 38. Bf1 Nc5 39. d7 Ne6 40. Rc8 Rxd7 41. Rc2 Rd1 42. Rc3 Nd4 43. Kg2 Rd2 44. Re3 Ne6 45. Rf3 Nc5 46. Re3 Nd7 47. Re2 Rd5 48. Re3 Nf6 49. Be2 Rd2 50. Bf3 Nd7 51. Re2 Rd3 52. Re3 Rd4 53. Re2 Nc5 54. Re3 Rd2 55. Re2 Rd1 56. Re5 Rc1 57. Re2 Nd3 58. Be4 Ne5 59. f4 Nc4 60. Bf3 Rc3 61. h4 Ne3+ 62. Kf2 Nf5 63. h5 Nd4 64. Re3 Rc2+ 65. Kg1 Rc1+ 66. Kg2 Rc2+ 67. Kg1 Nxf3+ 68. Rxf3 gxh5 69. Rd3 Kg6 70. Rd5 f6 71. Ra5 h6 72. Rb5 Rd2 73. Ra5 h4 74. gxh4 Rd4 75. f5+ Kh5 76. Ra6 Rg4+ 77. Kf2 Rf4+ 78. Kg3 Rxf5 79. Ra4 Rf1 80. Re4 f5 81. Re5 Rg1+ 82. Kf4 Rg4+ 83. Kf3 Kxh4 84. Rxf5 Rg3+ 85. Kf2 Rg4 86. Rf3 h5 87. Kf1 Kg5 88. Rf2 Kh4 89. Rh2+ Kg5 90. Rg2 Kf4 91. Rxg4+ hxg4 92. Kg2 g3 93. Kg1 Kg4 94. Kg2 Kh4 95. Kg1 Kh3 96. Kh1 Kg4 97. Kg2 Kf4 98. Kg1 Kf3 99. Kf1 Kg4 100. Kg2 1/2-1/2


[Site "https://www.chess.com"]

[Event "Titled Tuesday Blitz November 14 Early 2023"]
[White "Jesseinkman"]
[Black "Skatchkov, Valery"]
[BlackFideId "24195812"]
[WhiteElo "2460"]
[BlackElo "2588"]
[Result "0-1"]
[Round "8"]
[TimeControl "180+1"]
[Date "2023.11.14"]
[WhiteClock "0:00:02"]
[BlackClock "0:02:01"]
[Board "80"]

1. e4 e5 2. Nf3 d5 3. d3 dxe4 4. dxe4 Qxd1+ 5. Kxd1 Nc6 6. Be3 f5 7. exf5 Nf6 8. Nbd2 Bxf5 9. Bd3 Bxd3 10. cxd3 O-O-O 11. Ke2 Bb4 12. Ne4 Rhe8 13. a3 Ba5 14. Rac1 Nd5 15. Rhd1 Bb6 16. g3 Bd4 17. b4 a6 18. Bxd4 Nxd4+ 19. Nxd4 exd4 20. Kd2 Rf8 21. Rc5 Nc3 22. Rf1 Nxe4+ 23. dxe4 Rf3 24. Ke2 Rxa3 25. Rd1 Rb3 26. Rc4 d3+ 27. Ke3 b5 28. Rd4 d2+ 0-1


[Site "https://www.chess.com"]

[Event "Titled Tuesday Blitz November 14 Early 2023"]
[White "Preobrazhenska_D2011"]
[Black "Brunner, Nicolas"]
[BlackFideId "620246"]
[WhiteElo "2455"]
[BlackElo "2587"]
[Result "1-0"]
[Round "8"]
[TimeControl "180+1"]
[Date "2023.11.14"]
[WhiteClock "0:00:08"]
[BlackClock "0:00:01"]
[Board "81"]

1. e4 e5 2. Nf3 Nf6 3. Nxe5 d6 4. Nf3 Nxe4 5. d4 d5 6. Bd3 Bd6 7. O-O O-O 8. c4 c6 9. Qc2 Na6 10. a3 f5 11. b4 Be6 12. c5 Bb8 13. Nc3 Nc7 14. Ne5 Ne8 15. Bf4 N8f6 16. f3 Nxc3 17. Qxc3 Nh5 18. Bd2 Qh4 19. Be1 Qg5 20. Bd2 Qh4 21. Rae1 Re8 22. f4 Bc7 23. Be3 Nf6 24. g3 Qh3 25. Qd2 Ne4 26. Qg2 Qh5 27. a4 a6 28. Be2 Qh6 29. Bf3 Nc3 30. Ra1 Ne4 31. Ra3 Kh8 32. Be2 Re7 33. g4 fxg4 34. f5 Qh4 35. fxe6 Rxe6 36. Bf4 Kg8 37. Bxg4 Rf6 38. Rh3 Rxf4 39. Rxh4 Rxf1+ 40. Qxf1 Rf8 41. Qg2 g6 42. Bf3 Nf6 43. Qh3 Kg7 44. Qe6 Bd8 45. Nd7 Re8 46. Qh3 Re1+ 47. Kf2 Ra1 48. Nxf6 Kxf6 49. Rxh7 Ra2+ 50. Ke3 Ra3+ 51. Kd2 Ra2+ 52. Kc3 Ra3+ 53. Kb2 Rd3 54. Qh4+ Kf5 55. Bg4+ Ke4 56. Qxd8 Kxd4 57. Qf6+ Kc4 58. Be2 1-0


[Site "https://www.chess.com"]

[Event "Titled Tuesday Blitz November 14 Early 2023"]
[White "Statham_l3"]
[Black "Lymar, Vladislav"]
[BlackFideId "14162180"]
[WhiteElo "2577"]
[BlackElo "2575"]
[Result "0-1"]
[Round "8"]
[TimeControl "180+1"]
[Date "2023.11.14"]
[WhiteClock "0:00:02"]
[BlackClock "0:00:11"]
[Board "82"]

1. e4 d6 2. d4 Nf6 3. Nc3 e5 4. Nf3 Nbd7 5. g4 Nxg4 6. Rg1 exd4 7. Nxd4 Nde5 8. Be2 Qh4 9. Rg2 Qh3 10. Kf1 c5 11. Nf5 Bxf5 12. Bf4 Be6 13. Nb5 O-O-O 14. b4 a6 15. bxc5 axb5 16. c6 bxc6 17. a4 b4 18. a5 Qc3 19. a6 Kb8 20. a7+ Ka8 21. Ra6 Be7 22. Rg3 Qc5 23. h3 Qxf2# 0-1


[Site "https://www.chess.com"]

[Event "Titled Tuesday Blitz November 14 Early 2023"]
[White "Lacasa Diaz, Jose Antonio"]
[Black "Derjabin, Ilja"]
[WhiteFideId "2203375"]
[BlackFideId "14104768"]
[WhiteElo "2367"]
[BlackElo "2577"]
[Result "1/2-1/2"]
[Round "8"]
[TimeControl "180+1"]
[Date "2023.11.14"]
[WhiteClock "0:00:37"]
[BlackClock "0:00:04"]
[Board "83"]

1. e4 c5 2. Nf3 d6 3. d4 cxd4 4. Nxd4 Nf6 5. Nc3 a6 6. Be3 e5 7. Nb3 Be7 8. Qd2 O-O 9. O-O-O Ng4 10. g3 Be6 11. f4 Nxe3 12. Qxe3 Nc6 13. Kb1 Rc8 14. f5 Bxb3 15. axb3 Nd4 16. h4 Qa5 17. g4 b5 18. Bd3 Rxc3 19. bxc3 Qxc3 20. Qd2 Qc5 21. g5 Rc8 22. f6 Bd8 23. h5 Qa3 24. g6 Bxf6 25. Rdf1 Nxb3 26. cxb3 Qxb3+ 27. Ka1 Qa3+ 28. Kb1 Qb3+ 29. Ka1 Qa3+ 30. Kb1 Rc3 31. Bc2 Qb4+ 32. Kc1 Rxc2+ 33. Kxc2 Qa4+ 34. Kb1 Qxe4+ 35. Qc2 Qb4+ 36. Ka2 Qa5+ 37. Kb1 Qb4+ 38. Qb2 Qe4+ 39. Ka2 hxg6 40. hxg6 Qc4+ 41. Ka1 Qa4+ 42. Kb1 Qe4+ 43. Qc2 Qb4+ 44. Ka2 Qa5+ 45. Kb1 Qb4+ 46. Ka2 Qa5+ 47. Kb1 Qb4+ 1/2-1/2


[Site "https://www.chess.com"]

[Event "Titled Tuesday Blitz November 14 Early 2023"]
[White "Goldin, Roman"]
[Black "DavitSantryan02"]
[WhiteFideId "2803860"]
[WhiteElo "2427"]
[BlackElo "2002"]
[Result "0-1"]
[Round "8"]
[TimeControl "180+1"]
[Date "2023.11.14"]
[WhiteClock "0:00:00"]
[BlackClock "0:00:09"]
[Board "84"]

1. e4 c5 2. Nf3 Nc6 3. c3 Qa5 4. g3 g6 5. Bg2 Bg7 6. O-O e5 7. Na3 d6 8. Nc4 Qc7 9. d4 cxd4 10. cxd4 b5 11. Ne3 exd4 12. Nd5 Qa5 13. Bd2 Qd8 14. Rc1 Nge7 15. Qb3 O-O 16. Bg5 h6 17. Rxc6 hxg5 18. Nxe7+ Qxe7 19. Rfc1 Be6 20. Qb4 d3 21. Qd2 g4 22. Ne1 d5 23. exd5 Bf5 24. Nxd3 Rad8 25. Nf4 g5 26. d6 Qe5 27. Nd5 Rxd6 28. Re1 Rxd5 29. Bxd5 Qxb2 30. Qxg5 Bh7 31. Rec1 Qd4 32. Bb3 Qd7 33. R6c5 Kh8 34. h4 gxh3 35. Kh2 Qd4 36. Rd5 Qxf2+ 37. Kxh3 Bf6 38. Qh5 Rg8 39. Rd3 Rg5 40. Qh4 Rg6 41. Rd8+ Bxd8 0-1


[Site "https://www.chess.com"]

[Event "Titled Tuesday Blitz November 14 Early 2023"]
[White "Yaniuk, Volodymyr"]
[Black "Hambleton, Aman"]
[WhiteFideId "14133083"]
[BlackFideId "2606577"]
[WhiteElo "2510"]
[BlackElo "2725"]
[Result "0-1"]
[Round "8"]
[TimeControl "180+1"]
[Date "2023.11.14"]
[WhiteClock "0:00:05"]
[BlackClock "0:00:03"]
[Board "85"]

1. d4 e5 2. dxe5 Nc6 3. Nf3 Qe7 4. Bf4 Qb4+ 5. Bd2 Qxb2 6. Nc3 Bb4 7. Rb1 Qxc3 8. Bxc3 Bxc3+ 9. Nd2 Nxe5 10. e3 Nf6 11. Bd3 O-O 12. O-O d5 13. Be2 b6 14. Nf3 Nxf3+ 15. Bxf3 Be6 16. a3 Rad8 17. Qd3 Be5 18. Qa6 Nd7 19. Rfd1 Nc5 20. Qe2 Na4 21. Rb3 Nc3 22. Rxc3 Bxc3 23. Qb5 Rd6 24. g3 c6 25. Qa6 Rd7 26. Qa4 Rc8 27. Kg2 g6 28. h3 Kg7 29. Bg4 f5 30. Bf3 Be5 31. h4 b5 32. Qb4 Rcc7 33. c3 h5 34. a4 a6 35. axb5 cxb5 36. Qa5 Rc6 37. Rd3 Bf7 38. Qa2 Rcd6 39. Qa3 Bf6 40. Rd2 Kh7 41. Qc5 Be7 42. Qd4 Bf6 43. Qb4 Be7 44. Qd4 Kg8 45. Ra2 Bf6 46. Qd2 Rc6 47. Ra3 Kg7 48. Kh2 Rdd6 49. Qb2 Rb6 50. Qd2 Rbc6 51. Qb2 Be5 52. Qb4 Rc4 53. Qa5 Rc5 54. Qb4 Rdc6 55. Qb1 Bxc3 56. Rxc3 Rxc3 57. Qd1 R3c4 58. Bxd5 Bxd5 59. Qxd5 Rc7 60. Qe5+ Kh7 61. f3 Rc2+ 62. Kh3 R2c5 63. Qb2 Rb7 64. g4 fxg4+ 65. fxg4 hxg4+ 66. Kg3 b4 67. Qd4 Rcb5 68. Qe4 Rg7 69. Qe6 b3 70. Qxa6 Rgb7 71. Qa1 b2 72. Qb1 Kg7 73. h5 Rxh5 74. Kxg4 Rc5 75. e4 Rc1 76. Qxb2+ Rxb2 77. e5 Rb5 0-1


[Site "https://www.chess.com"]

[Event "Titled Tuesday Blitz November 14 Early 2023"]
[White "Cristi_Coca"]
[Black "Arhan_Anand"]
[WhiteElo "2510"]
[BlackElo "2639"]
[Result "1/2-1/2"]
[Round "8"]
[TimeControl "180+1"]
[Date "2023.11.14"]
[WhiteClock "0:00:11"]
[BlackClock "0:00:15"]
[Board "86"]

1. e4 c5 2. c3 Nf6 3. e5 Nd5 4. Nf3 Nc6 5. Bc4 Nb6 6. Bb3 d5 7. exd6 Qxd6 8. O-O Bf5 9. d4 cxd4 10. Nxd4 Nxd4 11. cxd4 e6 12. Nc3 Be7 13. Qf3 O-O 14. Qxb7 Rfb8 15. Qf3 Qxd4 16. Bf4 Bd6 17. Ne2 Qb4 18. a3 Be4 19. axb4 Bxf3 20. gxf3 Bxf4 21. Nxf4 Nd7 22. Rfd1 Ne5 23. Nxe6 Rxb4 24. Rxa7 Nxf3+ 25. Kg2 Nh4+ 26. Kf1 Rc8 27. Nc5 h6 28. Rxf7 Kh8 29. Rb7 Rf4 30. Ne6 Rg4 31. Rd8+ Rxd8 32. Nxd8 Nf3 33. Nf7+ Kh7 34. h3 Rg1+ 35. Ke2 Nd4+ 36. Kd3 Nf3 37. Ke3 Nh4 38. Bc2+ Kg8 39. Ne5 g5 40. Bb3+ Kf8 41. Ng4 Nf5+ 42. Ke4 Nd6+ 43. Ke5 Nxb7 44. Nxh6 Nc5 45. Bd5 Re1+ 46. Kf5 Nd3 47. Ng4 Nxb2 48. Kxg5 Nd3 49. Bf3 Ne5 50. Nxe5 Rxe5+ 51. Kf4 Rc5 52. Kg3 Kg7 53. h4 Kh6 54. Bg4 Rc3+ 55. f3 Rd3 56. Kf4 Kg6 57. Kg3 Kf6 58. Kf4 Rd4+ 59. Kg3 Rc4 60. Kg2 Rd4 61. Kg3 Rd3 62. Kf4 Rd4+ 63. Kg3 1/2-1/2


[Site "https://www.chess.com"]

[Event "Titled Tuesday Blitz November 14 Early 2023"]
[White "Shohat, Yotam"]
[Black "Adla, Diego"]
[WhiteFideId "2813955"]
[BlackFideId "100072"]
[WhiteElo "2509"]
[BlackElo "2630"]
[Result "0-1"]
[Round "8"]
[TimeControl "180+1"]
[Date "2023.11.14"]
[WhiteClock "0:00:00"]
[BlackClock "0:00:46"]
[Board "87"]

1. e4 e5 2. Nf3 Nc6 3. Bb5 a6 4. Ba4 Nf6 5. d3 Bc5 6. Bxc6 dxc6 7. Nbd2 Be6 8. O-O Nd7 9. b3 f6 10. Nc4 Qe7 11. Nh4 g5 12. Nf5 Bxf5 13. exf5 O-O-O 14. Nd2 Nb6 15. Ne4 Nd5 16. c3 h5 17. Qc2 Ba7 18. a3 Qd7 19. c4 Ne7 20. Nxf6 Qxd3 21. Qxd3 Rxd3 22. Bb2 Bd4 23. Bxd4 exd4 24. b4 Nxf5 25. Rfe1 g4 26. Re5 Nd6 27. c5 Nc4 28. Re7 Kb8 29. Rae1 Rxa3 30. g3 d3 31. Rd7 Nd2 32. Ree7 Nf3+ 33. Kg2 Ra1 0-1


[Site "https://www.chess.com"]

[Event "Titled Tuesday Blitz November 14 Early 2023"]
[White "Belov, Alexei"]
[Black "Shuvalov, Evgenij"]
[WhiteFideId "4128206"]
[BlackFideId "4187237"]
[WhiteElo "2608"]
[BlackElo "2506"]
[Result "0-1"]
[Round "8"]
[TimeControl "180+1"]
[Date "2023.11.14"]
[WhiteClock "0:00:05"]
[BlackClock "0:00:06"]
[Board "88"]

1. e4 e6 2. d4 d5 3. Nd2 c5 4. Ngf3 Nc6 5. dxc5 Bxc5 6. Bd3 Nb4 7. Bb5+ Bd7 8. Bxd7+ Qxd7 9. exd5 Qxd5 10. O-O Nf6 11. a3 Nc6 12. b4 Be7 13. c4 Qh5 14. Bb2 O-O 15. b5 Na5 16. Qa4 b6 17. Ne5 Ng4 18. Ndf3 Bf6 19. Rfe1 Rfc8 20. Re4 Nxe5 21. Bxe5 Rc5 22. Bxf6 gxf6 23. Qb4 Rac8 24. Rc1 f5 25. Rd4 Qg6 26. Qe1 Qf6 27. Qe2 Nb3 28. Rcd1 Nxd4 29. Nxd4 Rxc4 30. Nc6 R4xc6 31. bxc6 Rxc6 32. h3 Rc8 33. Rd7 a5 34. Qe3 b5 35. f4 b4 36. axb4 axb4 37. Rb7 Qc3 38. Qe2 Qc1+ 39. Qf1 Qxf1+ 40. Kxf1 Rc4 41. g3 Kg7 42. Kf2 Kf6 43. Kf3 h5 44. h4 Rc3+ 45. Kg2 b3 46. Kh3 Kg7 47. Rb6 Kf8 48. Rb7 Ke8 49. Rb6 Kd7 50. Rb7+ Kc6 51. Rb8 Kc5 52. Kg2 Kc4 53. Kf1 Rc2 0-1


[Site "https://www.chess.com"]

[Event "Titled Tuesday Blitz November 14 Early 2023"]
[White "Kanyamarala, Tarun"]
[Black "Karamsetty, Jeevan"]
[WhiteFideId "45004714"]
[BlackFideId "2025337"]
[WhiteElo "2500"]
[BlackElo "2606"]
[Result "1/2-1/2"]
[Round "8"]
[TimeControl "180+1"]
[Date "2023.11.14"]
[WhiteClock "0:00:06"]
[BlackClock "0:00:19"]
[Board "89"]

1. d4 Nf6 2. c4 g6 3. Nc3 Bg7 4. e4 d6 5. Nf3 O-O 6. Be2 Nc6 7. d5 Nb8 8. O-O e5 9. dxe6 Bxe6 10. Nd4 Nc6 11. Nxe6 fxe6 12. Be3 Qe7 13. Qb3 b6 14. Rad1 Nd7 15. Nb5 Nc5 16. Qc2 a6 17. Nd4 Nxd4 18. Bxd4 Bxd4 19. Rxd4 Qf6 20. Rdd1 Qe5 21. f3 Rf7 22. b4 Nd7 23. Qd2 a5 24. f4 Qg7 25. a3 axb4 26. axb4 Raf8 27. Bg4 Qf6 28. g3 Qe7 29. e5 dxe5 30. Qxd7 Qxd7 31. Rxd7 Rxd7 32. Bxe6+ Rdf7 33. fxe5 Kg7 34. Bxf7 Rxf7 35. Re1 Rf5 36. Kg2 Kf7 37. Re4 Ke6 38. Rh4 h5 39. Re4 Rxe5 40. Kf3 g5 41. Rd4 Re1 42. Re4+ Rxe4 43. Kxe4 c6 44. h3 Kf6 45. b5 cxb5 46. cxb5 Ke6 47. h4 g4 48. Kd4 Kd6 49. Ke4 Ke6 50. Kf4 Kf6 51. Ke4 Ke6 1/2-1/2


[Site "https://www.chess.com"]

[Event "Titled Tuesday Blitz November 14 Early 2023"]
[White "Aash20"]
[Black "Janaszak, Dawid"]
[BlackFideId "1119206"]
[WhiteElo "2473"]
[BlackElo "2604"]
[Result "1-0"]
[Round "8"]
[TimeControl "180+1"]
[Date "2023.11.14"]
[WhiteClock "0:01:53"]
[BlackClock "0:00:50"]
[Board "90"]

1. e4 c6 2. d4 d5 3. Nc3 dxe4 4. Nxe4 Bf5 5. Ng3 Bg6 6. h4 h6 7. Nf3 Nd7 8. h5 Bh7 9. Bd3 Bxd3 10. Qxd3 Ngf6 11. Bd2 e6 12. O-O-O Qb6 13. Qe2 O-O-O 14. Ne5 Nxe5 15. dxe5 Nd5 16. c4 Nc7 17. Bc3 Bb4 18. Bxb4 Qxb4 19. Rxd8+ Rxd8 20. Rd1 Rxd1+ 21. Kxd1 b5 22. cxb5 cxb5 23. Kc1 Nd5 24. Ne4 Kd7 25. g3 a5 26. a3 Qc4+ 27. Qxc4 bxc4 28. Nd6 c3 29. Nxf7 cxb2+ 30. Kxb2 Nb6 31. Kc3 Kc6 32. Kd4 Nd7 33. Nd8+ Kb5 34. Nxe6 Ka4 35. Nc5+ 1-0


[Site "https://www.chess.com"]

[Event "Titled Tuesday Blitz November 14 Early 2023"]
[White "Makaraci, Tunahan"]
[Black "Ezat, Mohamed"]
[WhiteFideId "6356559"]
[BlackFideId "10600906"]
[WhiteElo "2473"]
[BlackElo "2601"]
[Result "1-0"]
[Round "8"]
[TimeControl "180+1"]
[Date "2023.11.14"]
[WhiteClock "0:00:02"]
[BlackClock "0:00:00"]
[Board "91"]

1. e4 e5 2. Nc3 Nf6 3. f4 d5 4. fxe5 Nxe4 5. Qf3 Nxc3 6. dxc3 Nc6 7. Bf4 Be6 8. O-O-O Qe7 9. Bb5 Qc5 10. Bxc6+ Qxc6 11. Ne2 Qa6 12. a3 O-O-O 13. Nd4 Bc5 14. Rhf1 Bxd4 15. cxd4 Qc4 16. Kb1 Bf5 17. Rf2 Be4 18. Qg3 g6 19. Bg5 Rd7 20. Rdd2 Re8 21. Qh3 Bf5 22. Rxf5 gxf5 23. Qxf5 b6 24. Bf6 h6 25. h4 Rg8 26. e6 fxe6 27. Qxe6 Rf8 28. Rf2 Qb5 29. g4 Kb7 30. g5 hxg5 31. hxg5 Rh7 32. Qe2 Rh1+ 33. Ka2 Qc6 34. Qd3 a5 35. Re2 Re8 36. Rxe8 Qxe8 37. Qf5 Qc6 38. g6 Qc4+ 39. b3 Qc6 40. g7 Rg1 41. Kb2 a4 42. Qh7 axb3 43. g8=Q 1-0


[Site "https://www.chess.com"]

[Event "Titled Tuesday Blitz November 14 Early 2023"]
[White "Tikhonov, Viacheslav"]
[Black "Foisor, Sabina-Francesca"]
[WhiteFideId "44196407"]
[BlackFideId "1212915"]
[WhiteElo "2591"]
[BlackElo "2461"]
[Result "1-0"]
[Round "8"]
[TimeControl "180+1"]
[Date "2023.11.14"]
[WhiteClock "0:00:38"]
[BlackClock "0:01:50"]
[Board "92"]

1. e4 c5 2. Nf3 e6 3. b3 d5 4. Bb5+ Nc6 5. Bb2 Nf6 6. Ne5 Bd7 7. Nxd7 Qxd7 8. e5 Ne4 9. d3 Ng5 10. h4 Be7 11. hxg5 Bxg5 12. Qg4 h6 13. Qxg5 hxg5 14. Rxh8+ Ke7 15. Rxa8 d4 16. Nd2 Qd5 17. Bxc6 Qxc6 18. Ne4 Qd5 19. Rxa7 Qxe5 20. Rxb7+ Kd8 21. Rxf7 1-0


[Site "https://www.chess.com"]

[Event "Titled Tuesday Blitz November 14 Early 2023"]
[White "Begunov, Konstantin"]
[Black "JuniorJumper"]
[WhiteFideId "4118510"]
[WhiteElo "2446"]
[BlackElo "2589"]
[Result "1/2-1/2"]
[Round "8"]
[TimeControl "180+1"]
[Date "2023.11.14"]
[WhiteClock "0:00:08"]
[BlackClock "0:00:03"]
[Board "93"]

1. d4 Nf6 2. c4 e6 3. Nf3 b6 4. g3 Bb7 5. Bg2 Bb4+ 6. Nbd2 O-O 7. O-O Bxd2 8. Bxd2 d6 9. b4 Nbd7 10. Rc1 a5 11. bxa5 bxa5 12. c5 Bd5 13. Qa4 Ne4 14. Be3 Ndf6 15. Rfd1 Qe7 16. Ne1 Ng4 17. Qa3 dxc5 18. dxc5 c6 19. f3 Nxe3 20. Qxe3 Nf6 21. Qe5 Nd7 22. Qd6 Qxd6 23. cxd6 c5 24. a3 Rfc8 25. e4 Bb3 26. Rd2 c4 27. Rc3 e5 28. Bh3 Rd8 29. Bxd7 Rxd7 30. Nc2 Rad8 31. Ne3 Rxd6 32. Rxd6 Rxd6 33. Nxc4 Bxc4 34. Rxc4 f6 35. Ra4 Ra6 36. Kf2 Kf7 37. Ke3 Ke6 38. Kd3 Kd6 39. Kc4 Kc6 40. h4 h5 41. Kc3 Kb5 42. Rc4 Rc6 43. a4+ Kb6 44. Rxc6+ Kxc6 45. Kc4 g5 46. Kb3 Kc5 47. Kc3 Kb6 48. Kc4 Kc6 49. Kb3 Kc5 50. Kc3 gxh4 51. gxh4 Kd6 52. Kc4 Kc6 53. Kb3 Kd7 54. Kc4 Kc6 55. Kb3 Kc5 56. Kc3 Kb6 57. Kd3 Kc7 58. Kc3 Kd6 59. Kd3 Kd7 60. Kc4 Kc6 1/2-1/2


[Site "https://www.chess.com"]

[Event "Titled Tuesday Blitz November 14 Early 2023"]
[White "Tasev, Dejan"]
[Black "ChessLebaneseSalah"]
[WhiteFideId "936618"]
[WhiteElo "2580"]
[BlackElo "2423"]
[Result "1-0"]
[Round "8"]
[TimeControl "180+1"]
[Date "2023.11.14"]
[WhiteClock "0:00:46"]
[BlackClock "0:00:06"]
[Board "94"]

1. e4 c5 2. Nf3 d6 3. Nc3 Nf6 4. d4 cxd4 5. Nxd4 Nc6 6. Bc4 Qb6 7. Nb3 e6 8. Be3 Qc7 9. Qe2 a6 10. a4 Be7 11. O-O O-O 12. f4 Bd7 13. Rf3 Rfc8 14. Rh3 Nb4 15. Bd3 Nxd3 16. cxd3 Bf8 17. a5 g6 18. Rf1 Bg7 19. Bb6 Qb8 20. e5 Ne8 21. d4 Rxc3 22. bxc3 d5 23. Qb2 Bb5 24. Rf2 Qc8 25. Nc5 Qc6 26. g4 f6 27. Re3 fxe5 28. fxe5 Nc7 29. Ref3 Bh6 30. h4 Ne8 31. g5 Bg7 32. Qd2 Qc8 33. Qf4 Kh8 34. Qf8+ Bxf8 35. Rxf8+ Kg7 36. R2f7# 1-0


[Site "https://www.chess.com"]